 Dungeon Crawl Stone Soup version 0.17-a0-910-ga669010 (webtiles) character file.

59 hornqvist the Shield-Bearer (level 4, 0/52 HPs)
             Began as a Formicid Fighter on May 2, 2015.
             Slain by Sigmund
             ... wielding a +0 scythe
              (1 damage)
             ... on level 2 of the Dungeon.
             The game lasted 00:01:27 (931 turns).

hornqvist the Shield-Bearer (Formicid Fighter)       Turns: 931, Time: 00:01:27

Health: 0/52       AC: 22    Str: 22    XL:     4   Next: 22%
Magic:  4/4        EV:  2    Int: 12    God:
Gold:   52         SH:  9    Dex: 10    Spells: 0 memorised, 3 levels left

rFire  . . .     SeeInvis .     a - +0 war axe
rCold  . . .     Clarity  .     (armour currently unavailable)
rNeg   + + +     SustAb   .     c - +0 shield
rPois  +         Gourm    .     (helmet unavailable)
rElec  .         Spirit   .     (cloak currently unavailable)
rCorr  .         Warding  .     (gloves currently unavailable)
rMut   .         Stasis   +     (boots currently unavailable)
MR     .....                    (no amulet)
Stlth  +.........               (no ring)
                                (no ring)

@: brilliant, tree-form, not resistant to hostile enchantments, very unstealthy
A: permanent stasis, dig shafts and tunnels, four strong arms, (antennae 0)
a: no special abilities


You were on level 2 of the Dungeon.
You were not hungry.
You were a tree.
You visited 1 branch of the dungeon, and saw 2 of its levels.

You collected 52 gold pieces.

Inventory:

Hand weapons
 a - a +0 war axe (weapon)
Armour
 b - a +0 scale mail (melded)
 c - a +0 shield (worn)
Magical devices
 q - a wand of flame (6)
Scrolls
 f - 3 scrolls of fear {unknown}
 g - 3 scrolls of identify {unknown}
 i - a scroll of recharging {unknown}
 n - a scroll of enchant weapon {unknown}
 o - a scroll of teleportation {unknown}
 p - a scroll of remove curse {unknown}
Potions
 d - a potion of might
Comestibles
 e - 2 bread rations
 j - 2 chunks of flesh
 m - a beef jerky


   Skills:
 - Level 3.2 Fighting
 * Level 2.8 Axes
 + Level 3.8 Armour
 + Level 1.3 Dodging
 + Level 4.1 Shields


You had 3 spell levels left.
You didn't know any spells.

Dungeon Overview and Level Annotations

Branches:
Dungeon (2/15)

Altars:
Nemelex Xobeh

Annotations:
D:2 Sigmund


Innate Abilities, Weirdness & Mutations

You are under a permanent stasis effect.
You can dig through walls and to a lower floor.
Your four strong arms can wield two-handed weapons with a shield.
((You have a pair of large antennae on your head (SInv).))


Message History

You hit Sigmund. Sigmund hits you with a scythe!
* * * LOW HITPOINT WARNING * * *
You take 8 damage, and have 7/35 hp.
MASSIVE DAMAGE!!
Sigmund barely misses you.
You see here the felid corpse of Natasha.
Sigmund hits you from afar with a scythe!
* * * LOW HITPOINT WARNING * * *
You take 6 damage, and have 1/35 hp.
Sigmund barely misses you.
You see here the felid corpse of Natasha.
Drink which item? (? for menu, Esc to quit)
It was a potion of lignification.
You turn into a tree.
Your +0 scale mail melds into your body.
Your roots penetrate the ground.
You now have 1/52 hp.
Drink which item? (? for menu, Esc to quit)
It was a potion of brilliance.
You feel clever all of a sudden.
You feel less confused. Something hits you.
You die...

#. ..# #. ####.#
#.###....###
#..##......##
##.##.......## #
#............# +.
#{#....<.....#
+.##.##.........#
#...♣##.........#
#...............#
#...###.....÷..##
#...# #.........#
#.....
#.........##
#.....#
#...........#
#......#
#............#
.#...(#
#............ ##
#....#
##..........


There were no monsters in sight!

Vanquished Creatures
  Natasha (D:2)
  A ball python (D:1)
  3 giant cockroaches
  6 goblins
  4 hobgoblins (D:1)
  4 jackals (D:1)
  A quokka (D:2)
  A bat (D:1)
  3 giant newts
  3 kobolds
  5 rats (D:1)
32 creatures vanquished.

Vanquished Creatures (others)
  4 toadstools (D:1)
4 creatures vanquished.

Grand Total: 36 creatures vanquished

Notes
Turn   | Place    | Note
--------------------------------------------------------------
     0 | D:1      | hornqvist, the Formicid Fighter, began the quest for the Orb.
     0 | D:1      | Reached XP level 1. HP: 18/18 MP: 1/1
   131 | D:1      | Reached XP level 2. HP: 17/24 MP: 2/2
   509 | D:1      | Found a sparkling altar of Nemelex Xobeh.
   564 | D:1      | Reached XP level 3. HP: 29/29 MP: 3/3
   843 | D:2      | Reached skill level 1 in Dodging
   911 | D:2      | Noticed Sigmund
   911 | D:2      | Noticed Natasha
   924 | D:2      | Killed Natasha
   924 | D:2      | Reached skill level 4 in Shields
   924 | D:2      | Reached XP level 4. HP: 15/35 MP: 4/4
   928 | D:2      | HP: 1/35 [Sigmund/scythe (7)]
   931 | D:2      | Slain by Sigmund

Action                   |  1- 3 |  4- 6 || total
-------------------------+-------+-------++-------
Melee: War axe           |   126 |     1 ||   127
  Use: Potion            |     1 |     2 ||     3
